 Dungeon Crawl Stone Soup version 0.18-a0-844-g9229740 (webtiles) character file.

142 JokEr the Skirmisher (level 5, -1/52 HPs)
             Began as a Draconian Fighter on Dec 19, 2015.
             Slain by an orc wizard
             ... wielding a +0 dagger
              (3 damage)
             ... on level 4 of the Dungeon.
             The game lasted 00:07:23 (3216 turns).

JokEr the Skirmisher (Draconian Fighter)            Turns: 3216, Time: 00:07:25

Health: -1/52      AC:  5    Str: 19    XL:     5   Next: 4%
Magic:  4/4        EV: 10    Int:  9    God:
Gold:   119        SH:  9    Dex: 12    Spells: 0 memorised, 4 levels left

rFire  . . .     SeeInvis .     a - +1 trident
rCold  + . .     Gourm    .     (armour unavailable)
rNeg   . . .     Faith    .     b - +0 shield
rPois  .         Spirit   .     (helmet restricted)
rElec  .         Dismiss  .     (no cloak)
rCorr  .         Reflect  .     (no gloves)
SustAt .         Harm     .     (no boots)
MR     .....                    (no amulet)
Stlth  ..........               l - ring of loudness (curse)
                                g - ring of protection from cold

@: not resistant to hostile enchantments, extremely unstealthy
A: unfitting armour, agile 1, low mp 1, robust 1, cold-blooded, AC +5
a: no special abilities


You were on level 4 of the Dungeon.
You were near starving.

You visited 1 branch of the dungeon, and saw 4 of its levels.

You collected 119 gold pieces.

Inventory:

Hand Weapons
 a - a +1 trident (weapon)
Armour
 b - a +0 shield (worn)
Jewellery
 g - a ring of protection from cold (left hand)
 l - a cursed ring of loudness (right hand)
 s - a cursed ring of teleportation {unknown}
Wands
 n - a wand of confusion (33)
Scrolls
 i - a scroll of enchant weapon
 o - a scroll of amnesia
Potions
 c - a potion of might
 e - a potion of mutation
 f - a potion of haste {unknown}
 j - 2 potions of resistance {unknown}
 m - 2 potions of cancellation {unknown}
 p - 2 potions of berserk rage {unknown}
Books
 q - a book of the Sky

   Spells                             Type                      Level
   a - Summon Lightning Spire         Summoning/Air                4
   b - Airstrike                      Air                          4
   c - Silence                        Hexes/Air                    5
   d - Deflect Missiles               Charms/Air                   6
   e - Conjure Ball Lightning         Conjuration/Air              6
   f - Tornado                        Air                          9
Comestibles
 d - 5 bread rations
 h - 2 beef jerkies
 k - 3 fruits


   Skills:
 + Level 5.0 Fighting
 + Level 3.9 Polearms
 - Level 2.6 Dodging
 - Level 3.0 Shields


You had 4 spell levels left.
You didn't know any spells.

Dungeon Overview and Level Annotations

Branches:
Dungeon (4/15)
 Temple: D:4-7

Altars:
Xom


Innate Abilities, Weirdness & Mutations

Your plain brown scales are hard (AC +5).
Your body does not fit into most forms of armour.
You are cold-blooded and may be slowed by cold attacks.
You are agile. (Dex +2)
Your magical capacity is low (-10% MP).
You are robust (+10% HP).


Message History

The orc wizard hits you with a falchion.
* * * LOW HITPOINT WARNING * * *
Something completely misses you.
You barely miss the orc wizard.
The orc wizard is moderately wounded.
You feel less confused.
The orc wizard hits you with a falchion!
* * * LOW HITPOINT WARNING * * *
You hear some strange, mumbled words.
Something tries to affect you, but you resist.
Read which item? (? for menu, Esc to quit)
Okay, then.
Drink which item? (? for menu, Esc to quit)
It was a potion of mutation.
You feel extremely strange.
You feel agile.
You feel less energetic.
You feel robust.
The orc wizard points at you and mumbles some strange words.
The magic dart hits you!
* * * LOW HITPOINT WARNING * * *
Something hits you.
You die...

## #..#
##.....# #..#
##.#..# #..#
#.#..# #..#
#.#^.# #..#
#....# #..#
#.#..#
###..#####.#.[#
.........{...#
###..#####@##.#
#...... #o##.#
#......###o##.#
.....{.o.....o#
...o...###.####
#...... #.#
###.##. #.# #
#o #.# #. #.#


You could see an orc wizard and an orc.

Vanquished Creatures
  An iguana (D:4)
  4 adders
  A worm (D:4)
  3 orcs
  A ball python (D:3)
  6 bats
  7 giant cockroaches
  8 hobgoblins
  10 kobolds
  A quokka (D:2)
  2 giant newts
  11 goblins
  10 jackals
  4 rats
69 creatures vanquished.

Notes
Turn   | Place    | Note
--------------------------------------------------------------
     0 | D:1      | JokEr the Draconian Fighter began the quest for the Orb.
     0 | D:1      | Reached XP level 1. HP: 19/19 MP: 1/1
   257 | D:1      | Reached XP level 2. HP: 26/26 MP: 2/2
   553 | D:1      | Reached skill level 4 in Fighting
  1070 | D:2      | Reached XP level 3. HP: 33/33 MP: 3/3
  1188 | D:2      | Found a shimmering altar of Xom.
  1996 | D:3      | Reached XP level 4. HP: 39/41 MP: 4/4
  2858 | D:4      | HP: 2/41 [iguana (3)]
  2859 | D:4      | Reached skill level 5 in Fighting
  2859 | D:4      | Reached XP level 5. HP: 2/48 MP: 5/5
  3216 | D:4      | Gained mutation: You are agile. (Dex +2) [potion of mutation]
  3216 | D:4      | Gained mutation: Your magical capacity is low (-10% MP). [potion of mutation]
  3216 | D:4      | Gained mutation: You are robust (+10% HP). [potion of mutation]
  3216 | D:4      | HP: 2/52 [orc wizard/magic dart (3)]
  3216 | D:4      | Slain by an orc wizard

Vault maps used:
D:1:      minmay_arrival_five_plusses
D:2:      lemuel_crystal_altar, bh_chokoban
D:3:      kennysheep_big_flooded_room, minmay_splitting_lines
D:4:      minmay_opposing_rooms, first_bread, uniq_sigmund

Action                   |  1- 3 |  4- 6 || total
-------------------------+-------+-------++-------
Melee: Trident           |   148 |    80 ||   228
  Use: Scroll            |     3 |     2 ||     5
       Potion            |       |     1 ||     1
  Eat: Chunk             |     4 |     2 ||     6
